 Dungeon Crawl Stone Soup version 0.19.1 (webtiles) character file.

29 Gargoyl the Skirmisher (level 3, 30/30 HPs)
             Began as a Demonspawn Abyssal Knight on Nov 28, 2016.
             Was a Follower of Lugonu.
             Quit the game on level 2 of the Dungeon.
             The game lasted 00:01:39 (954 turns).

Gargoyl the Skirmisher (Demonspawn Abyssal Knight)   Turns: 954, Time: 00:01:40

Health: 30/30      AC: 11    Str: 13    XL:     3   Next: 1%
Magic:  4/4        EV:  3    Int: 13    God:    Lugonu [*.....]
Gold:   68         SH:  0    Dex: 12    Spells: 0 memorised, 2 levels left

rFire  . . .     SeeInvis .     a - +1 hand axe
rCold  . . .     Gourm    .     d - +0 plate armour
rNeg   . . .     Faith    .     (no shield)
rPois  .         Spirit   +     (no helmet)
rElec  .         Reflect  .     (no cloak)
rCorr  .         Harm     .     (no gloves)
MR     .....                    (no boots)
Stlth  ..........               (no amulet)
                                (no ring)
                                (no ring)

@: no status effects
A: rugged brown scales 1, magic shield
a: Depart the Abyss, Renounce Religion


You were on level 2 of the Dungeon.
You worshipped Lugonu.
Lugonu was aware of your devotion.
You were not hungry.

You visited 1 branch of the dungeon, and saw 2 of its levels.
You visited the Abyss 1 time.

You collected 68 gold pieces.

Inventory:

Hand Weapons
 a - a +1 hand axe (weapon)
Armour
 d - a +0 plate armour (worn)
Scrolls
 e - a scroll of noise {unknown}
 f - a scroll of amnesia {unknown}
 g - a scroll of blinking {unknown}
 h - a scroll of teleportation
 i - a scroll of fog {unknown}
Potions
 j - a potion of curing {unknown}
 k - a potion of flight {unknown}
Comestibles
 b - a beef jerky
 c - a bread ration
 l - a chunk of flesh


   Skills:
 + Level 3.7 Fighting
 + Level 2.1 Axes
 + Level 1.9 Armour
 + Level 1.0 Dodging
 + Level 2.6 Invocations


You had 2 spell levels left.
You didn't know any spells.

Dungeon Overview and Level Annotations

Branches:
Dungeon (2/15)

Altars:


Innate Abilities, Weirdness & Mutations

You are partially covered in rugged brown scales. (AC +1, +3% HP)
When hurt, damage is shared between your health and your magic reserves.


Message History

The bat barely misses you. The bat hits you but does no damage.
You closely miss the bat. The bat hits you but does no damage.
The bat hits you but does no damage.
You hit the bat but do no damage. The bat hits you but does no damage.
The bat hits you but does no damage.
You closely miss the bat. The bat hits you but does no damage.
The bat hits you but does no damage.
You miss the bat. The bat hits you.
You hit the bat.
You kill the bat!
Lugonu accepts your kill.
You have reached level 3!
Your experience leads to an increase in your attributes!
Increase (S)trength, (I)ntelligence, or (D)exterity?
You feel stronger.
Your demonic ancestry asserts itself...
You feel your magical essence form a protective shroud around your flesh.
You see here a bat corpse.
You butcher the bat corpse.
l - a chunk of flesh Are you sure you want to abandon this character and quit the game? (Confirm with "yes".)

### .... ..#
#......
#.#####......
#.#.. +....
#####.#.# #...
###...@.#.###.#
#.....#....)..##
#.....#.#.#....#
#.....#.#.#..<.#
#.....#.#.#....#
#.....#.#.#....#
#.....#.#.+....#
#.....#.###....#
#.....#.# #....#


There were no monsters in sight!

Vanquished Creatures
  A worm (D:2)
  A dart slug (D:1)
  A leopard gecko (D:1)
  3 bats
  A giant cockroach (D:1)
  A goblin (D:1)
  2 hobgoblins (D:1)
  2 jackals (D:1)
  6 kobolds (D:1)
  4 rats (D:1)
22 creatures vanquished.

Notes
Turn   | Place    | Note
-------+----------+-------------------------------------------
     0 | Abyss:1  | Gargoyl the Demonspawn Abyssal Knight began the quest for the Orb.
     0 | Abyss:1  | Reached XP level 1. HP: 18/18 MP: 2/2
    59 | Abyss:2  | Noticed a smoke demon
    76 | D:1      | Escaped the Abyss
   155 | D:1      | Reached * piety under Lugonu
   170 | D:1      | Gained mutation: You are partially covered in rugged brown scales. (AC +1, +3% HP) [demonic ancestry]
   170 | D:1      | Reached XP level 2. HP: 8/24 MP: 3/3
   863 | D:1      | Reached skill level 1 in Dodging
   950 | D:2      | Gained mutation: When hurt, damage is shared between your health and your magic reserves. [demonic ancestry]
   950 | D:2      | Reached XP level 3. HP: 29/30 MP: 4/4
   954 | D:2      | Quit the game

Skill      XL: |  1  2 |
---------------+-------+-----
Axes           | 2 |  2.1
Dodging        | 1 |  1.0
Fighting       | |  3.7
Armour         | |  1.9
Invocations    | |  2.6

Action                   || total
-------------------------++-------
Melee: Hand axe          ||    75
Invok: Depart the Abyss  ||     1
  Use: Scroll            ||     1
Armor: Plate armour      ||    93
Dodge: Dodged            ||    12
